 Dungeon Crawl Stone Soup version 0.14-a0-3445-g2afddda (webtiles) character file.

313 DasRunzen the Ruinous (level 5, -1/38 HPs)
             Began as a Mummy Conjurer on Mar 23, 2014.
             Slain by an orc wizard
             ... wielding a +0,+0 hand axe
              (8 damage)
             ... on Level 3 of the Dungeon.
             The game lasted 00:09:47 (3246 turns).

DasRunzen the Ruinous (Mummy Conjurer)              Turns: 3246, Time: 00:09:47

HP  -1/38        AC  3     Str 11      XL: 5   Next: 14%
MP   1/11        EV 12     Int 15      God:
Gold 157         SH  0     Dex 12      Spells:  4 memorised,  2 levels left

rFire  x . .     SeeInvis .     d - +0,+1 short sword
rCold  + . .     Clarity  .     a - +1 robe
rNeg   + + +     Conserve .     (no shield)
rPois  +         rCorr    .     (no helmet)
rElec  .         rRot     +     (no cloak)
SustAb . .       Spirit   .     (no gloves)
rMut   .         Warding  .     (no boots)
Saprov . . .     Stasis   .     (no amulet)
MR     .....                    b - ring of poison resistance
                                g - ring of regeneration

@: very slightly contaminated, not resistant to hostile enchantments, unstealthy
A: no food or potions, fire vulnerability, restore body, cold resistance 1, life
protection 3, poison resistance, torment resistance, unbreathing
a: no special abilities


You were on level 3 of the Dungeon.
You were not hungry.

You visited 1 branch of the dungeon, and saw 3 of its levels.

You collected 157 gold pieces.

Inventory:

Hand weapons
 d - a +0,+1 short sword (weapon)
Armour
 a - a +1 robe (worn)
 k - a +2 leather armour of fire resistance
Magical devices
 j - a wand of digging (3)
Scrolls
 e - a scroll of enchant weapon II
 h - 2 scrolls of fear
 i - a scroll of amnesia
Jewellery
 b - a ring of poison resistance (right hand)
 g - a ring of regeneration (left hand)
Books
 c - a book of Conjurations

   Spells                             Type                      Level
   *Magic Dart                        Conjuration                  1
   *Searing Ray                       Conjuration                  2
   *Dazzling Spray                    Conjuration/Hexes            3
   Fulminant Prism                    Conjuration/Hexes            4
   Iskenderun's Mystic Blast          Conjuration                  4
   Iskenderun's Battlesphere          Conjuration/Charms           5
 f - a book of Maledictions

   Spells                             Type                      Level
   Corona                             Hexes                        1
   Sure Blade                         Hexes/Charms                 2
   *Ensorcelled Hibernation           Hexes/Ice                    2
   Confuse                            Hexes                        3
   Enslavement                        Hexes                        4
   Invisibility                       Hexes                        6


   Skills:
 - Level 2.0 Fighting
 + Level 1.2 Armour
 - Level 1.5 Dodging
 - Level 1.5 Stealth
 + Level 3.0 Spellcasting
 + Level 4.0 Conjurations
 + Level 0.3 Hexes
 + Level 0.7 Ice Magic


You had 2 spell levels left.
You knew the following spells:

 Your Spells              Type           Power        Failure   Level  Hunger
a - Magic Dart            Conj           ##..         4%          1    N/A
b - Searing Ray           Conj           ##....       8%          2    N/A
c - Dazzling Spray        Conj/Hex       #.......     30%         3    N/A
d - Ensorcelled Hibernat  Hex/Ice        #.....       28%         2    N/A

Dungeon Overview and Level Annotations

Branches:
Dungeon (3/15)

Altars:
Cheibriados
Kikubaaqudgha

Annotations:
D:3 Grinder


Innate Abilities, Weirdness & Mutations

You do not eat or drink.
Your flesh is vulnerable to fire.
Your flesh is cold resistant.
You are immune to negative energy.
Your system is resistant to poisons.
You are immune to unholy pain and torment.
You can survive without breathing.


Message History

The puff of frost hits you! You resist.
The orc wizard gestures at you while chanting.
The puff of flame hits you! The fire burns you terribly!
* * * LOW HITPOINT WARNING * * *
The orc wizard closely misses you.
Casting: Searing Ray
Confirm with . or Enter, or press ? or * to list all spells.
Aiming: Searing Ray
Press: ? - help, Shift-Dir - straight line, f/p - orc wizard
Aim: an orc wizard, wielding a hand axe and wearing a robe (lightly wounded, moving very quickly)
The searing ray hits the orc wizard.
The orc wizard is moderately wounded.
The orc wizard barely misses you.
The searing ray misses the orc wizard.
The orc wizard closely misses you.
The searing ray misses the orc wizard.
The orc wizard casts a spell at you. The magic dart hits you!
* * * LOW HITPOINT WARNING * * *
The orc wizard hits you with a hand axe!
You die...

#.........# ##########
##.#######.# #........#
#........#.# #.######.#
###..#...#.#.###.######.#
#..(.....#....##.#).....###
#.#..#(....................
#.(%......)...##.#.###.....
#..%.#####.#.###.#.# ##.##.
*#.#..# #@#.###.#.# #.##.
######.....# #.o.....#.# #.##.
........#..#######.#####.####.##.
####,#,............###..!.....##.
..og.o....##...........#####....>
.######.#!##..#,######.# #.###.
.##***#.#.##....o......# #...##
..#,,.........#,#,####.# #.....
..#,*##.#.....#*,*,**#o#####...##


You could see an orc wizard.

Vanquished Creatures
  An orc priest (D:3)
  Ijyb (D:3)
  4 adders
  3 worms
  A giant gecko (D:3)
  2 orcs (D:3)
  5 giant cockroaches
  4 goblins
  5 hobgoblins
  A jackal (D:2)
  6 kobolds
  An ooze (D:1)
  6 bats
  4 giant newts
  A quokka zombie (D:3)
  21 rats
66 creatures vanquished.

Notes
Turn   | Place    | Note
--------------------------------------------------------------
     0 | D:1      | DasRunzen, the Mummy Conjurer, began the quest for the Orb.
     0 | D:1      | Reached XP level 1. HP: 13/13 MP: 3/3
   679 | D:1      | Reached XP level 2. HP: 20/20 MP: 1/5
   680 | D:1      | Reached skill level 1 in Fighting
   865 | D:1      | Learned a level 2 spell: Searing Ray
  1143 | D:2      | Reached XP level 3. HP: 26/26 MP: 4/6
  1148 | D:2      | Learned a level 3 spell: Dazzling Spray
  1425 | D:2      | Found an ancient bone altar of Kikubaaqudgha.
  2116 | D:3      | Found a snail-covered altar of Cheibriados.
  2133 | D:3      | Reached XP level 4. HP: 30/33 MP: 1/8
  2700 | D:3      | Noticed Ijyb
  2739 | D:2      | Reached skill level 1 in Armour
  2849 | D:3      | Learned a level 2 spell: Ensorcelled Hibernation
  2926 | D:3      | Reached XP level 5. HP: 38/38 MP: 0/11
  3039 | D:3      | Noticed Grinder
  3056 | D:3      | Paralysed by Grinder for 5 turns
  3183 | D:3      | Killed Ijyb
  3183 | D:3      | Reached skill level 4 in Conjurations
  3246 | D:3      | Slain by an orc wizard

Action                   |  1- 3 |  4- 6 || total
-------------------------+-------+-------++-------
Melee: Short sword       |    66 |    54 ||   120
       Unarmed           |     3 |       ||     3
 Cast: Magic Dart        |    69 |    36 ||   105
       Searing Ray       |     2 |    12 ||    14
  Use: Scroll            |     5 |     3 ||     8
